 Dungeon Crawl Stone Soup version 0.28.0-53-g5a82cb258f (webtiles) character file.

Game seed: 2063354787266385004

6573 Sin92 the Basher (level 10, -2/79 HPs)
             Began as a Demonspawn Fighter on June 2, 2022.
             Was an Initiate of Okawaru.
             Slain by a gnoll shaman
             ... wielding a +0 spear
              (9 damage)
             ... in a bailey.
             The game lasted 00:25:09 (10040 turns).

Sin92 the Basher (Demonspawn Fighter)              Turns: 10040, Time: 00:25:09

Health: -2/79      AC: 23    Str: 24    XL:     10   Next: 70%
Magic:  10/10      EV:  8    Int:  9    God:    Okawaru [......]
Gold:   477        SH:  9    Dex: 12    Spells: 9/9 levels left

rFire   . . .      SeeInvis .   k - +6 mace "Potur" {vorpal, *Rage rPois rC+ rCorr}
rCold   + + .      Faith    .   c - +0 buckler
rNeg    + . .      Spirit   .   t - +1 plate armour
rPois   +          Reflect  .   j - +0 helmet
rElec   .          Harm     .   (no cloak)
rCorr   +          Rampage  .   h - +0 pair of gloves
Will    +....      Rage     20% m - +0 pair of boots
Stlth   ..........              (no amulet)
HPRegen 0.23/turn               d - ring of protection from cold
MPRegen 0.12/turn               n - ring of positive energy

@: on berserk cooldown, slowed, very slow
A: icy blue scales 1, foul stench 2, icemail 1, condensation shield, weakness
stinger 2, strong-willed 1, strong 1
a: Renounce Religion


You were in a bailey.
You worshipped Okawaru.
Okawaru was noncommittal.
You visited 2 branches of the dungeon, and saw 10 of its levels.
You also visited: Bailey.

You collected 477 gold pieces.

Inventory:

Hand Weapons
 a - a +0 war axe of chaos
 k - the +6 mace "Potur" (weapon) {vorpal, *Rage rPois rC+ rCorr}
   (You found it on level 3 of the Dungeon)

   It inflicts extra damage upon your enemies.
   rC:        It protects you from cold.
   rPois:     It protects you from poison.
   *Rage:     It berserks you when you make melee attacks (+20% chance).
   rCorr:     It protects you from acid and corrosion.
 l - a +3 flail of protection
 x - a +2 whip of electrocution
Missiles
 e - 4 throwing nets (quivered)
Armour
 c - a +0 buckler (worn)
 h - a +0 pair of gloves (worn)
 j - a +0 helmet (worn)
 m - a +0 pair of boots (worn)
 t - a +1 plate armour (worn)
Jewellery
 d - a ring of protection from cold (left hand)
 n - a ring of positive energy (right hand)
Wands
 s - a wand of paralysis (11)
Scrolls
 b - a scroll of teleportation
 f - 2 scrolls of blinking
 o - 4 scrolls of identify
Potions
 g - a potion of curing
 i - 3 potions of brilliance
 p - 3 potions of heal wounds
 u - a potion of mutation
 v - 2 potions of flight
 w - a potion of attraction


   Skills:
 + Level 7.2 Fighting
 - Level 4.2(6.7) Axes
 * Level 8.1(8.6) Maces & Flails
 + Level 6.4 Armour
 + Level 6.0 Dodging
 - Level 0.1 Stealth
 + Level 6.4 Shields
 + Level 1.2 Invocations


You had 9 spell levels left.
You didn't know any spells.
Your spell library contained the following spells:

 Spells                   Type           Power      Damage    Failure   Level
 Beastly Appendage        Tmut           0%         N/A       100%        1
 Foxfire                  Conj/Fire      0%         2x1d4     100%        1
 Sandblast                Erth           0%         2d4       100%        1
 Blink                    Tloc           0%         N/A       100%        2
 Ensorcelled Hibernation  Hex/Ice        0%         N/A       100%        2
 Passwall                 Tmut/Erth      0%         N/A       100%        2
 Wereblood                Tmut           0%         N/A       100%        2
 Conjure Flame            Conj/Fire      0%         6-21      100%        3
 Inner Flame              Hex/Fire       0%         N/A       100%        3
 Portal Projectile        Hex/Tloc       0%         N/A       100%        3
 Spider Form              Tmut/Pois      0%         N/A       100%        3
 Stone Arrow              Conj/Erth      0%         3d7       100%        3
 Swiftness                Air            0%         N/A       100%        3
 Flame Wave               Conj/Fire      0%         2d4       100%        4
 Leda's Liquefaction      Hex/Erth       0%         N/A       100%        4
 Manifold Assault         Tloc           0%         N/A       100%        5
 Storm Form               Tmut/Air       0%         N/A       100%        7
 Call Canine Familiar     Summ           Unusable   N/A       N/A         3

Dungeon Overview and Level Annotations

Branches:
Dungeon (9/15)             Temple (1/1) D:6          Bailey (1/1)
   Lair: D:8-11         Orc: D:9-12

Altars:
Ashenzari
Cheibriados
Dithmenos
Elyvilon
Gozag
Kikubaaqudgha
Makhleb
Nemelex Xobeh
Okawaru
Qazlal
Ru
Trog
Uskayaw
Vehumet
Wu Jian
Xom
Yredelemnul
Zin
The Shining One

Shops:
D:3 [   D:7 *

Annotations:
D:5 1 runed translucent door, Spectrina's ghost, novice DEMo


Innate Abilities, Weirdness & Mutations

You are partially covered in icy blue scales. (AC +2)
You sometimes emit foul miasma when damaged in melee.
A meltable icy envelope protects you from harm. (AC +4)
A meltable shield of frost defends you. (SH +4)
You have a tail ending in a sharp stinger.
You are strong-willed. (Will+)
Your muscles are strong. (Str +2)


Message History

The gnoll shaman shouts!
The wolf closely misses you. You block the gnoll shaman's attack.
You block the wolf's attack.
There is an open door, spattered with blood here.
Items here: ( ))) [[[ ††.
You closely miss the gnoll shaman. The gnoll shaman completely misses you.
The gnoll shaman closely misses you.
The gnoll shaman hits you from afar with a +0 spear.
* * * LOW HITPOINT WARNING * * *
The wolf bites you but does no damage.
You completely miss the gnoll shaman. The wolf bites you but does no damage.
You block the gnoll shaman's attack.
Unknown command.
You hit the gnoll shaman but do no damage.
Your tail-slap misses the gnoll shaman.
The gnoll shaman barely misses you.
The gnoll shaman hits you but does no damage.
You block the wolf's attack.
You bludgeon the gnoll shaman!!
You kill the gnoll shaman!
Okawaru accepts your kill. The wolf barely misses you.
You block the gnoll shaman's attack.
Your Dodging skill increases to level 6!
Unknown command.
You sock the wolf!
Your tail-slap misses the wolf.
The wolf is moderately wounded.
You are no longer berserk.
You are exhausted.
You feel yourself slow down.
The gnoll shaman hits you but does no damage.
The wolf bites you.
* * * LOW HITPOINT WARNING * * *
You hit the wolf.
The wolf is severely wounded.
The wolf closely misses you.
The gnoll shaman hits you with a +0 halberd!
* * * LOW HITPOINT WARNING * * *
The gnoll shaman closely misses you. The wolf bites you but does no damage.
You block the gnoll shaman's attack.
The gnoll shaman hits you from afar with a +0 spear!
You die...

#.. ♣≈. #.. ♣≈. #####
#.. ♣≈.. ##...## #..
♣≈..##+###.....######..
♣≈......#.....).#...'.)
♣≈......'...8)..'...'.)
♣≈....○(#.....).#...'..
♣≈..##@###.....######..
♣≈ #g)h.##...## #..
#...g.##### #..
#......... #..
##........ #..
##.8..... #.. #######


You could see a wolf and 2 gnoll shamans.

Vanquished Creatures
  A two-headed ogre (D:8)
  Pikel (D:8)
  A wyvern (D:6)
  10 yaks
  Menkaure (D:7)
  An acid dragon (D:9)
  Duvessa (D:6)
  2 orc warriors (D:7)
  An ice beast (D:5)
  A water moccasin (D:7)
  An ogre (D:7)
  A centaur (D:7)
  3 lemures (D:8)
  A wolf (Bailey)
  A kobold brigand (D:8)
  4 gnoll sergeants (Bailey)
  A wyvern zombie (D:4)
  2 scorpions (D:6)
  Dowan (D:6)
  8 killer bees (D:7)
  16 wights
  3 electric eels (D:8)
  2 howler monkeys
  2 bullfrog zombies
  2 centaur zombies
  5 hounds
  A jelly (D:4)
  A centaur skeleton (D:7)
  3 gnoll shamans
  5 orc priests
  A bullfrog skeleton (D:6)
  Terence (D:3)
  12 orc wizards
  Robin (D:3)
  4 adders
  14 gnolls
  A white imp (D:6)
  An adder skeleton (D:4)
  2 worms (D:2)
  2 dart slugs
  22 orcs
  4 ball pythons
  5 endoplasms
  3 giant cockroaches
  17 goblins
  11 hobgoblins
  11 kobolds
  5 quokkas
  4 bats (D:1)
  3 frilled lizards
  7 rats
214 creatures vanquished.

Vanquished Creatures (others)
  A kobold (D:8)
  8 fungi
  32 plants
41 creatures vanquished.

Grand Total: 255 creatures vanquished

Notes
Turn   | Place    | Note
-------+----------+-------------------------------------------
     0 | D:1      | Sin92 the Demonspawn Fighter began the quest for the Orb.
     0 | D:1      | Reached XP level 1. HP: 18/18 MP: 1/1
   262 | D:1      | Gained mutation: You may rarely emit foul miasma when
                  | damaged in melee. [demonic ancestry]
   262 | D:1      | Reached XP level 2. HP: 24/24 MP: 2/2
   837 | D:1      | Gained mutation: You have a small tail. [demonic ancestry]
   837 | D:1      | Reached XP level 3. HP: 29/29 MP: 3/3
  1044 | D:1      | Gained mutation: Your muscles are strong. (Str +2) [potion
                  | of mutation]
  1044 | D:1      | Gained mutation: You are strong-willed. (Will+) [potion of
                  | mutation]
  1264 | D:2      | Reached skill level 1 in Dodging
  1265 | D:2      | Gained mutation: A meltable shield of frost defends you.
                  | (SH +4) [demonic ancestry]
  1265 | D:2      | Reached XP level 4. HP: 17/35 MP: 4/4
  1342 | D:2      | Found a faded altar of an unknown god.
  1461 | D:2      | Got Plato's Handbook of the Volcanoes
  1599 | D:2      | Gained mutation: You are partially covered in icy blue
                  | scales. (AC +2) [demonic ancestry]
  1599 | D:2      | Reached XP level 5. HP: 33/41 MP: 5/5
  1849 | D:2      | Identified the +8 hunting sling of Proximity {freeze, rElec
                  | Int+6 Stlth-}
  2223 | D:3      | Noticed Robin
  2258 | D:3      | Killed Robin
  2323 | D:3      | Identified the +6 mace "Potur" {vorpal, *Rage rPois rC+
                  | rCorr}
  2404 | D:3      | Noticed Terence
  2410 | D:3      | Killed Terence
  2664 | D:3      | Found Bausasykh's Armour Emporium.
  3300 | D:4      | Reached skill level 1 in Maces & Flails
  3459 | D:4      | Gained mutation: You sometimes emit foul miasma when
                  | damaged in melee. [demonic ancestry]
  3459 | D:4      | Reached XP level 6. HP: 47/47 MP: 6/6
  4191 | D:5      | Entered Level 5 of the Dungeon
  4191 | D:5      | Noticed an ice beast
  4235 | D:5      | Found a runed translucent door.
  4360 | D:5      | Reached skill level 2 in Maces & Flails
  4657 | D:5      | Killed an ice beast
  4658 | D:5      | Gained mutation: You have a tail ending in a sharp stinger.
                  | [demonic ancestry]
  4658 | D:5      | Reached XP level 7. HP: 53/53 MP: 7/7
  4760 | D:5      | Noticed Spectrina's ghost (novice DEMo)
  4892 | D:6      | Noticed Duvessa
  4893 | D:6      | Noticed Dowan
  4899 | D:6      | Killed Duvessa
  4900 | D:6      | Reached skill level 3 in Maces & Flails
  4905 | D:6      | Killed Dowan
  5039 | D:6      | Noticed a wyvern
  5047 | D:6      | Killed a wyvern
  5048 | D:6      | Reached XP level 8. HP: 32/61 MP: 8/8
  5216 | D:6      | Found a sparkling altar of Nemelex Xobeh.
  5359 | D:6      | Reached skill level 4 in Maces & Flails
  5679 | D:6      | Found a staircase to the Ecumenical Temple.
  5717 | Temple   | Entered the Ecumenical Temple
  6438 | D:7      | Reached skill level 5 in Fighting
  6824 | D:7      | Noticed Menkaure
  6831 | D:7      | Killed Menkaure
  6832 | D:7      | Reached skill level 5 in Maces & Flails
  6939 | D:7      | Found Xeumeuca's Overcharged Wands.
  7357 | D:7      | Gained mutation: A meltable icy envelope protects you from
                  | harm. (AC +4) [demonic ancestry]
  7357 | D:7      | Reached XP level 9. HP: 68/68 MP: 9/9
  7360 | D:7      | Reached skill level 5 in Armour
  7442 | D:7      | Reached skill level 5 in Shields
  7726 | D:7      | Reached skill level 6 in Maces & Flails
  8031 | D:8      | Found an ornate altar of the Wu Jian Council.
  8074 | D:8      | Reached skill level 5 in Dodging
  8082 | D:8      | Reached skill level 7 in Maces & Flails
  8458 | D:8      | Reached XP level 10. HP: 77/77 MP: 10/10
  8712 | D:8      | Noticed a two-headed ogre
  8716 | D:8      | Killed a two-headed ogre
  8979 | D:8      | Noticed Pikel
  8997 | D:8      | Killed Pikel
  9526 | D:9      | Reached skill level 8 in Maces & Flails
  9672 | D:9      | Found an iron altar of Okawaru.
  9687 | D:9      | Became a worshipper of Warmaster Okawaru
  9709 | D:9      | Found a flagged portal.
  9726 | Bailey   | Entered a bailey
 10024 | Bailey   | Reached skill level 1 in Invocations
 10040 | Bailey   | Slain by a gnoll shaman

Illustrated notes

Levels and vault maps discovered:
D:1:      dpeg_arrival_round_a, layout_basic, grunt_decor_arrowhead,
          chequers_big_river
D:2:      layout_basic, shapermc_ecumenical_altar_rom_forum
D:3:      layout_basic, tso_oasis_becter, serial_shops, nicolae_shop_stone,
          interstate_on_off, grunt_ministairs_14, uniq_sigmund, uniq_robin,
          uniq_terence
D:4:      layout_basic, minmay_misc_feat_alley
D:5:      layout_rooms, ebering_ghost_reflecting_pool, kennysheep_small_circle
D:6:      layout_basic, nemelex_spade_bored_becter, temple_fountains,
          serial_aquarium, aquarium_bridge_square [aquarium_subvault_bridge,
          aquarium_subvault_balcony, aquarium_subvault_balcony,
          aquarium_subvault_bridge], aquarium_bridge_square
          [aquarium_subvault_wall, aquarium_subvault_bridge,
          aquarium_subvault_bridge, aquarium_subvault_bridge],
          aquarium_window_fake, aquarium_window_fake, aquarium_view_2c,
          uniq_duvessa
D:7:      layout_rooms, nicolae_shop_overcharged_wands, uniq_menkaure
D:8:      layout_basic, pdpol_wu_jian_five_deadly_venoms, serial_bayou,
          serial_bayou_crossing, serial_bayou_pond_a, serial_bayou_shore_a,
          serial_bayou_lagoon_a, uniq_pikel
D:9:      layout_roguey, kennysheep_little_box, fedhas_altar_2,
          mainiacjoe_overflow_cross_hatched, enter_bailey_3, serial_shops, shop
Temple:   regret_index_temple_generic_petals
Bailey:   bailey_polearm_gnolls_kennysheep, bailey

Skill      XL: |  1  2  3  4  5  6  7  8  9 10 |
---------------+-------------------------------+-----
Axes           | 2 3 4 |  4.2
Armour         | 3 4 5 6 |  6.4
Dodging        | 1 2 3 4 5 6 |  6.0
Shields        | 3 4 5 6 |  6.4
Maces & Flails | 1 2 3 5 7 8 |  8.1
Fighting       | 4 5 6 7 |  7.2
Invocations    | 1 |  1.2
Stealth        | |  0.1

Action                   |  1- 3 |  4- 6 |  7- 9 | 10-12 || total
-------------------------+-------+-------+-------+-------++-------
Melee: War axe           |    60 |    56 |       |       ||   116
       Tailslap          |     2 |    16 |    19 |    18 ||    55
       Mace              |       |    87 |   215 |   152 ||   454
  Use: Potion            |     4 |     3 |     4 |     1 ||    12
       Scroll            |     2 |     3 |     8 |       ||    13
Armor: Scale mail        |    27 |    23 |       |       ||    50
       Chain mail        |       |    39 |    22 |       ||    61
       Plate armour      |       |       |   118 |   140 ||   258
       Skin              |       |       |     6 |       ||     6
Dodge: Dodged            |    32 |    51 |    95 |    84 ||   262
Block: Buckler           |    13 |    68 |   128 |    92 ||   301
